Map: Dead of Night

Players

NamroodTuo

  • Race: Terran Terran

FENIX

  • Race: Protoss Protoss
  • Spawn Location: 0:00

VOD

Have the link to the VOD?

Description

Time

  • Played on: April 15, 2023, 10:55 a.m.
  • Length: 28:51
Show
View Real Time Build Order
Export as new Build Order

NamroodTuo Terran 

Build Orders:  

Get SALT Encoding   

  12  0:07  SCV  
  13  0:16  SCV  
  14  0:29  SCV  
  15  0:45  Supply Bunker  
  15  1:04  SCV  
  15  1:09  Supply Bunker  
  16  1:20  SCV  
  16  1:27  SCV  
  18  1:34  SCV  
  18  1:39  Engineering Bay  
  19  1:42  Refinery  
  19  1:46  Refinery  
  19  1:49  Refinery  
  19  1:56  Barracks  
  19  2:05  Supply Bunker  
  19  2:16  SCV  
  20  2:23  SCV  
  21  2:30  SCV  
  21  2:37  SCV  
  23  2:44  SCV  
  24  3:07  Missile Turret  
  24  3:21  Marauder  
  28  3:37  Dominion Trooper x4  
  28  3:38  Dominion Trooper x3  
  28  3:39  Dominion Trooper x6  
  28  3:55  SCV  
  29  4:02  SCV  
  29  4:09  SCV  
  30  4:16  SCV  
  32  4:23  SCV  
  32  4:26  Neosteel Armor  
  33  4:30  SCV  
  33  4:37  SCV  
  35  4:43  SCV  
  36  4:59  SCV x7  
  36  5:28  Factory  
  36  5:52  Marauder  
  40  6:24  SCV  
  41  6:30  SCV  
  41  6:37  SCV  
  41  6:39  Starport  
  43  6:44  SCV  
  44  6:51  SCV  
  44  6:58  SCV  
  46  7:05  SCV  
  46  7:08  Armory  
  47  7:12  SCV  
  47  7:19  SCV  
  48  7:26  SCV  
  50  7:33  SCV  
  50  7:39  Supply Bunker  
  51  7:55  Marauder  
  51  7:58  SCV  
  56  8:03  Supply Bunker  
  56  8:16  Medivac  
  58  8:22  Marauder  
  58  8:28  Supply Bunker  
  58  8:29  SCV  
  62  8:35  Medivac  
  66  8:44  Dominion Trooper  
  67  8:51  Dominion Trooper  
  67  8:58  Dominion Trooper  
  69  9:05  Dominion Trooper  
  62  9:12  Dominion Trooper  
  62  9:18  Marauder  
  62  9:19  Dominion Trooper  
  64  9:26  Dominion Trooper  
  69  9:33  Dominion Trooper  
  69  9:39  Missile Turret  
  69  9:42  Terran Infantry Armor Level 1  
  69  9:43  SCV  
  70  9:50  SCV  
  70  9:57  SCV  
  72  10:04  Barracks  
  72  10:08  Missile Turret  
  73  10:11  Dominion Trooper  
  73  10:18  Dominion Trooper  
  75  10:24  Medivac  
  75  10:25  Dominion Trooper  
  78  10:32  Dominion Trooper  
  78  10:39  Dominion Trooper  
  79  10:42  Medivac  
  81  11:42  Marauder  
  85  12:02  Terran Infantry Weapons Level 1  
  85  12:09  Supply Bunker  
  85  12:25  Marauder  
  89  12:32  Supply Bunker  
  89  12:46  Supply Bunker  
  89  12:53  Supply Bunker  
  90  13:06  Dominion Trooper  
  90  13:07  Supply Bunker  
  91  13:13  Dominion Trooper  
  91  13:14  Supply Bunker  
  92  13:20  Dominion Trooper  
  92  13:27  Dominion Trooper  
  93  13:30  Supply Bunker  
  93  13:34  Dominion Trooper  
  94  13:41  Dominion Trooper  
  94  13:48  Dominion Trooper  
  95  13:52  Fusion Core  
  95  13:55  Dominion Trooper  
  93  14:19  SCV  
  95  14:34  Orbital Trooper Pods, Dominion Trooper  
  96  14:41  Dominion Trooper  
  96  14:48  Dominion Trooper  
  97  14:55  Dominion Trooper  
  98  15:02  Dominion Trooper  
  98  15:09  Terran Infantry Armor Level 2, Dominion Trooper  
  100  15:16  Dominion Trooper  
  100  15:33  Ghost Academy  
  101  15:43  Dominion Trooper  
  102  15:50  Dominion Trooper  
  102  15:57  Dominion Trooper  
  104  16:04  Dominion Trooper  
  105  16:11  Dominion Trooper  
  105  16:18  Dominion Trooper  
  105  16:19  Ghost  
  107  16:20  Ghost  
  107  16:24  Dominion Trooper  
  116  16:31  Dominion Trooper  
  112  17:49  Ghost  
  112  17:54  Terran Infantry Weapons Level 2  
  105  20:02  Ghost  
  115  20:31  Supply Bunker, Dominion Trooper x6  
  115  20:49  Marauder  
  120  21:10  Dominion Trooper  
  120  21:17  Dominion Trooper  
  122  21:24  Dominion Trooper  
  123  21:31  Dominion Trooper  
  123  21:38  Dominion Trooper  
  125  21:45  Dominion Trooper, Ghost  
  125  21:47  Marauder  
  126  21:52  Dominion Trooper  
  126  21:58  Dominion Trooper  
  136  22:12  Ghost  
  136  22:14  Dominion Trooper  
  136  22:17  Supply Bunker  
  141  22:21  Marauder, Dominion Trooper  
  141  22:28  Dominion Trooper  
  147  22:35  Dominion Trooper  
  147  22:38  Supply Bunker  
  148  22:42  Dominion Trooper  
  148  22:49  Dominion Trooper  
  150  22:56  Dominion Trooper  
  150  22:59  Supply Bunker  
  151  23:03  Dominion Trooper  
  151  23:06  Ghost  
  151  23:07  Marauder  
  148  23:23  Supply Bunker  
  148  23:32  Ghost  
  143  26:01  Ghost  
  143  26:03  Marauder  
  151  26:42  Marauder  
Show
View Real Time Build Order
Export as new Build Order

FENIX Protoss 

Build Orders:  

Get SALT Encoding   

  12  0:21  Assimilator  
  12  0:23  Probe (Chrono Boost)  
  13  0:35  Probe (Chrono Boost)  
  14  0:47  Probe (Chrono Boost)  
  15  1:33  Pylon  
  15  1:42  Pylon  
  15  1:56  Probe (Chrono Boost)  
  16  2:07  Gateway  
  16  2:15  Forge  
  16  3:19  Cybernetics Core  
  16  3:30  Khaydarin Monolith  
  16  3:33  Photon Cannon  
  16  4:38  Stargate  
  16  5:12  Warp Gate  
  16  5:27  Stargate  
  16  5:36  Pylon  
  16  5:40  Pylon  
  16  6:37  Fleet Beacon  
  16  6:44  Probe (Chrono Boost)  
  17  6:56  Probe (Chrono Boost)  
  18  7:02  Assimilator  
  18  7:08  Probe (Chrono Boost)  
  18  7:18  Sentinel  
  21  8:02  Pylon x2  
  21  8:09  Pylon  
  21  8:11  Pylon  
  21  8:15  Probe (Chrono Boost)  
  22  8:27  Probe (Chrono Boost)  
  22  8:38  Assimilator  
  22  8:39  Probe (Chrono Boost)  
  24  9:17  Khaydarin Monolith  
  24  9:18  Photon Cannon  
  24  9:22  Photon Cannon  
  24  9:28  Shield Battery  
  24  9:32  Shield Battery  
  24  10:04  Sentinel  
  26  10:39  Carrier  
  26  10:46  Carrier  
  36  12:23  Carrier  
  36  12:32  Carrier  
  48  14:07  Carrier  
  48  14:23  Carrier  
  58  17:53  Carrier x2  
  70  19:37  Carrier  
Tags
 
Commander
KaraxMengsk
Matchup
Co-op
Replay Pack
Multiplayer
Add a new tag
Caveats
  • Supply blocks, unpowered buildings, or Contaminate may cause inaccurate times.
  • Supply counts are checked every 10 seconds.